 Dungeon Crawl Stone Soup version 0.27-a0-1071-ga85bd9520d (console) character file.

Game seed: 10071389170223803840

54 nht the Digger (level 3, 0/24 HPs)
             Began as a Demonspawn Earth Elementalist on Apr 24, 2021.
             Slain by a goblin
             ... wielding a +2 dagger of freezing
             ... led by Robin
              (4 damage)
             ... on level 2 of the Dungeon.
             The game lasted 00:02:25 (1651 turns).

nht the Digger (Demonspawn Earth Elementalist)      Turns: 1651, Time: 00:02:26

Health: 0/24       AC:  2    Str:  8    XL:     3   Next: 66%
Magic:  0/6        EV: 12    Int: 17    God:
Gold:   61         SH:  0    Dex: 13    Spells: 5/6 levels left

rFire    . . .     SeeInvis .   j - +0 dagger (speed)
rCold    . . .     Faith    .   (no shield)
rNeg     . . .     Spirit   +   c - +0 robe
rPois    .         Reflect  .   (no helmet)
rElec    .         Harm     .   (no cloak)
rCorr    .         Rampage  .   (no gloves)
Will     .....                  (no boots)
Stlth    ++........             m - amulet of guardian spirit
HPRegen  0.08/turn              (no ring)
MPRegen  0.10/turn              (no ring)

@: flying, hasted, very quick
A: hooves 1
a: no special abilities


You were on level 2 of the Dungeon.
You visited 1 branch of the dungeon, and saw 3 of its levels.

You collected 61 gold pieces.

Inventory:

Hand Weapons
 j - a +0 dagger of speed (weapon)
Missiles
 b - 75 stones
Armour
 c - a +0 robe (worn)
Jewellery
 m - an amulet of guardian spirit (around neck)
Scrolls
 a - 3 scrolls of magic mapping {unknown}
 e - 3 scrolls of identify {unknown}
 f - a scroll of vulnerability {unknown}
 k - a scroll of fear {unknown}
 l - a scroll of enchant weapon {unknown}
 n - a scroll of fog {unknown}
Potions
 g - a potion of might {unknown}
 h - a potion of mutation {unknown}
 i - a potion of flight


   Skills:
 - Level 1.7 Dodging
 - Level 1.7 Stealth
 - Level 2.0 Spellcasting
 - Level 0.8 Transmutations
 + Level 4.2 Earth Magic


You had 5 spell levels left.
You knew the following spells:

 Your Spells              Type           Power      Damage    Failure   Level
a - Sandblast             Erth           32%        2d9       3%          1

Your spell library contained the following spells:

 Spells                   Type           Power      Damage    Failure   Level
 Passwall                 Tmut/Erth      8%         N/A       11%         2
 Animate Skeleton         Necr           2%         N/A       19%         1
 Apportation              Tloc           2%         N/A       19%         1
 Corona                   Hex            1%         N/A       19%         1
 Freeze                   Ice            4%         1d3       19%         1
 Magic Dart               Conj           4%         1d3       19%         1
 Summon Small Mammal      Summ           4%         N/A       19%         1
 Stone Arrow              Conj/Erth      16%        3d8       24%         3
 Searing Ray              Conj           2%         3d3       28%         2
 Dazzling Flash           Conj/Hex       2%         N/A       50%         3
 Frozen Ramparts          Ice            2%         1d2       50%         3
 Ozocubu's Armour         Ice            1%         N/A       50%         3
 Swiftness                Air            1%         N/A       50%         3
 Petrify                  Tmut/Erth      10%        N/A       56%         4
 Lee's Rapid Deconstruct  Erth           8%         3d8*      67%         5
 Fulminant Prism          Conj/Hex       0%         3d6       88%         4
 Hailstorm                Conj/Ice       1%         3d3       88%         4
 Iskenderun's Mystic Bla  Conj/Tloc      1%         2d3       88%         4
 Passage of Golubria      Tloc           N/A        N/A       88%         4
 Metabolic Englaciation   Hex/Ice        0%         N/A       99%         5
 Invisibility             Hex            1%         N/A       100%        6


Dungeon Overview and Level Annotations

Branches:
Dungeon (3/15)

Altars:

Annotations:
D:2 Robin


Innate Abilities, Weirdness & Mutations

You have large cloven feet.


Message History

You see here a rat skeleton.
You see here a +0 whip.
There is an escape hatch in the ceiling here.
There is a stone staircase leading down here.
Search for what [Enter for "ego", or ? for help]? .
You climb downwards. 8 goblins and Robin come into view.
Robin is wielding a +1 dagger of freezing and carrying a wand of digging (4).
A goblin is wielding a +2 dagger of freezing.
The goblin shouts! x7; You hear a shout! x2; Robin shouts!
The goblin shouts!
There is a stone staircase leading up here.
Unknown command.
The goblin hits you with a +2 dagger of freezing.
The goblin freezes you. The goblin barely misses you.
Robin hits you with a +1 dagger of freezing!
Robin freezes you.
You climb upwards.
There is a stone staircase leading down here.
You aren't carrying any items that you can evoke.
The blast of sand hits Robin.
Robin is lightly wounded.
The goblin barely misses you.
The goblin hits you with a +2 dagger of freezing.
The goblin freezes you. Robin misses you.
The blast of sand hits Robin.
Robin is moderately wounded.
The goblin hits you with a +0 dagger.
The goblin hits you with a +2 dagger of freezing.
* * * LOW HITPOINT WARNING * * *
The goblin freezes you.
* * * LOW HITPOINT WARNING * * *
It was a potion of flight.
You feel very buoyant.
You fly up into the air.
The goblin closely misses you. The goblin hits you but does no damage.
Robin roars a battlecry!
The goblins go into a battle-frenzy!
It was a potion of haste.
You feel yourself speed up. The goblin closely misses you.
The goblin hits you with a +2 dagger of freezing.
You die... █.. █.. █.. ██████. ███████...... ███████.......███.. █....(..███████ █.. █gg██████ ███.. ██@█ █.... █g██

█████████.█..
█..███.........█..
██..███████......█
██.█ █........███
█.███.██████..██
██████.█...█ ██...
█........████


████ █.....██....█ █ You could see Robin and 2 goblins.

Vanquished Creatures
  3 adders (D:2)
  2 endoplasms (D:2)
  5 hobgoblins
  5 kobolds (D:2)
  A quokka (D:2)
  3 ball pythons
  2 bats (D:2)
  2 frilled lizards
  3 goblins
  3 rats
29 creatures vanquished.

Notes
Turn   | Place    | Note
-------+----------+-------------------------------------------
     0 | D:1      | nht the Demonspawn Earth Elementalist began the quest for
                  | the Orb.
     0 | D:1      | Reached XP level 1. HP: 13/13 MP: 3/3
     6 | D:1      | Noticed a lindwurm
     6 | D:1      | Noticed a wolf
     6 | D:1      | Noticed a polar bear
     7 | D:1      | Noticed an anaconda
     7 | D:1      | Noticed an iguana
   169 | D:1      | Reached skill level 3 in Earth Magic
   204 | D:1      | Found a faded altar of an unknown god.
   821 | D:2      | Gained mutation: You have large cloven feet. [demonic
                  | ancestry]
   821 | D:2      | Reached XP level 2. HP: 19/19 MP: 0/5
  1142 | D:2      | Reached XP level 3. HP: 24/24 MP: 3/6
  1143 | D:2      | Reached skill level 4 in Earth Magic
  1645 | D:3      | Noticed Robin
  1651 | D:2      | Slain by a goblin

Illustrated notes

Levels and vault maps discovered:
D:1:      onia_arrival_zoo_common, layout_loops_ring,
          hellmonk_ecumenical_altar_crossroads
D:2:      layout_rooms, minmay_circled_x
D:3:      kb_forest_paths, layout_loops_ring, slow_altar_2,
          grunt_temple_overflow_open, uniq_robin

Skill      XL: |  1  2  3 |
---------------+----------+-----
Earth Magic    | 3 4 |  4.2
Dodging        | |  1.7
Stealth        | |  1.7
Spellcasting   | |  2.0
Transmutations | |  0.8

Action                   || total
-------------------------++-------
Melee: Dagger            ||     1
 Cast: Sandblast         ||    42
  Use: Potion            ||     2
Armor: Robe              ||     3
Dodge: Dodged            ||    11

Table legend: (Time is in decaauts)
 A = Elapsed time spent in this place.
 B = Non-inter-level travel time spent in this place.
 C = Inter-level travel time spent in this place.
 D = Time resting spent in this place.
 E = Time spent auto-exploring this place.
 F = Levels seen in this place.
 G = Mean time per level.
                   A        B        C        D        E       F      G
               +--------+--------+--------+--------+--------+-----+--------+
         Total |   1651 |   1580 |     71 |      0 |   1417 |   3 |  550.3 |
       Dungeon |   1651 |   1580 |     71 |      0 |   1417 |   3 |  550.3 |
               +--------+--------+--------+--------+--------+-----+--------+

Top non-repeatable levels by time:
     D:2: 863 daAuts
     D:1: 786 daAuts
     D:3: 1 daAuts
